 Dungeon Crawl Stone Soup version 0.29-a0-824-gd827844252 (webtiles) character file.

Game seed: 6949986439607782457

116 NotreDorf the Grave Robber (level 4, -1/33 HPs)
             Began as a Mummy Necromancer on July 10, 2022.
             Slain by a lemure (5 damage)
             ... led by Pikel
             ... on level 3 of the Dungeon.
             The game lasted 00:10:48 (2724 turns).

NotreDorf the Grave Robber (Mummy Necromancer)      Turns: 2724, Time: 00:10:48

Health: -1/33      AC:  4    Str: 11    XL:     4   Next: 70%
Magic:  9/9        EV: 12    Int: 16    God:
Gold:   137        SH:  0    Dex: 12    Spells: 3/10 levels left

rFire   x . .      SeeInvis .   b - +0 club
rCold   + . .      Faith    .   (no shield)
rNeg    + + +      Spirit   .   a - +0 robe
rPois   ∞          Reflect  .   c - +0 helmet
rElec   .          Harm     .   (no cloak)
rCorr   .          Rampage  .   (no gloves)
Will    .....                   o - +0 pair of boots
Stlth   +.........              (no amulet)
HPRegen 0.11/turn               (no ring)
MPRegen 0.11/turn               (no ring)

@: silenced
A: cold resistance 1, negative energy resistance 3, torment resistance 2, heat
vulnerability 1, in touch with death 1, no potions
a: no special abilities


You were on level 3 of the Dungeon.
You visited 1 branch of the dungeon, and saw 4 of its levels.

You collected 137 gold pieces.

Inventory:

Hand Weapons
 b - a +0 club (weapon)
Missiles
 m - 6 poisoned darts
Armour
 a - a +0 robe (worn)
 c - a +0 helmet (worn)
 o - a +0 pair of boots (worn)
Jewellery
 e - an amulet of faith
 h - a ring of protection from cold
 l - a ring of protection from fire
Scrolls
 f - a scroll of teleportation {unknown}
 g - 2 scrolls of magic mapping {unknown}
 i - a scroll of noise {unknown}
 j - a scroll of torment {unknown}
 k - a scroll of amnesia {unknown}
 n - a scroll of identify {unknown}
 p - a scroll of fog {unknown}


   Skills:
 + Level 1.9 Fighting
 - Level 2.3 Dodging
 - Level 1.5 Stealth
 + Level 3.8 Spellcasting
 + Level 4.5 Necromancy
 + Level 0.4 Air Magic


You had 3 spell levels left.
You knew the following spells:

 Your Spells              Type           Power      Damage    Failure   Level
a - Necrotise             Necr           100%       1d9       2%          1
b - Vampiric Draining     Necr           26%        2d7       8%          3
c - Swiftness             Air            4%         N/A       41%         3

Your spell library contained the following spells:

 Spells                   Type           Power      Damage    Failure   Level
 Animate Dead             Necr           26%        N/A       26%         4
 Agony                    Necr           26%        N/A       58%         5
 Iskenderun's Mystic Bla  Conj/Tloc      3%         2d3       86%         4
 Summon Forest            Summ/Tloc      1%         N/A       99%         5


Dungeon Overview and Level Annotations

Branches:
Dungeon (4/15)
 Temple: D:4-7

Altars:
Sif Muna

Annotations:
D:4 Pikel


Innate Abilities, Weirdness & Mutations

You are immune to poison.
Your flesh is cold resistant. (rC+)
You are immune to negative energy. (rN+++)
You are immune to unholy pain and torment.
You are vulnerable to heat. (rF-)
You are in touch with the powers of death.
You do not drink.


Message History

Found 16 gold pieces.
Found a sling and a mace.
The lemure attacks as you move away! The lemure hits you!
The lemure attacks as you move away! The lemure hits you!
The lemure attacks as you move away! The lemure hits you.
The lemure attacks as you move away! The lemure barely misses you.
The lemure attacks as you move away! The lemure hits you.
The lemure attacks as you move away! The lemure hits you but does no damage.
There is a stone staircase leading up here.
Pikel shouts!
The lemure closely misses you.
You climb upwards.
There is a stone staircase leading down here.
Casting: Necrotise (safe; 2% risk of failure)
Confirm with . or Enter, or press ? or * to list all spells.
You can't see any susceptible monsters within range! (Use Z to cast anyway.)
You hit the lemure.
The lemure is lightly wounded.
The lemure hits you!
* * * LOW HITPOINT WARNING * * *
The lemure hits you but does no damage.
Hit: b) +0 club
Press: ? - help, Dir - move target, f - lemure
Aim: a lemure (lightly wounded, about 50% to evade your +0 club)
Okay, then.
As you read the scroll labelled JISAAN PUDDONK, it crumbles to dust.
A profound silence engulfs you.
It was a scroll of silence.
The lemure hits you.
* * * LOW HITPOINT WARNING * * *
Magic scrolls do not work when you're silenced!
You barely miss the lemure.
The lemure is lightly wounded.
The lemure closely misses you.
You hit the lemure but do no damage.
The lemure is lightly wounded.
The lemure closely misses you.
You hit the lemure.
The lemure is moderately wounded.
The lemure hits you.
You die...

#..............
##.............
#............##
#...>......#.##
#..............
#..............
#..............
#####..<..........
#@................
#.5...............
#..........#......
#..........#......
#..........#......
########.###......
#..######## ##.#
### #.# #..


You could see a lemure.

Vanquished Creatures
  Robin (D:2)
  4 adders (D:2)
  A worm (D:3)
  2 dart slugs
  An orc (D:3)
  3 endoplasms
  A giant cockroach (D:2)
  12 goblins
  8 hobgoblins
  2 jackals (D:2)
  5 kobolds
  2 quokkas
  3 ball pythons
  4 bats
  2 frilled lizards
  6 rats
57 creatures vanquished.

Vanquished Creatures (collateral kills)
  An endoplasm (D:1)
  A jackal (D:2)
2 creatures vanquished.

Grand Total: 59 creatures vanquished

Notes
Turn   | Place    | Note
-------+----------+-------------------------------------------
     0 | D:1      | NotreDorf the Mummy Necromancer began the quest for the
                  | Orb.
     0 | D:1      | Reached XP level 1. HP: 13/13 MP: 4/4
   461 | D:1      | Reached XP level 2. HP: 20/20 MP: 1/5
   855 | D:1      | Reached skill level 1 in Fighting
   998 | D:2      | Gained mutation: You are in touch with the powers of death.
                  | [Mummy growth]
   998 | D:2      | Reached XP level 3. HP: 26/26 MP: 1/7
  1009 | D:2      | Noticed Robin
  1234 | D:2      | Killed Robin
  1315 | D:2      | Reached XP level 4. HP: 28/32 MP: 3/9
  1454 | D:2      | Found a shimmering blue altar of Sif Muna.
  1647 | D:2      | Got Jener's Meditations on Quantum Lightning
  1701 | D:2      | Learned a level 3 spell: Vampiric Draining
  1705 | D:2      | Learned a level 3 spell: Swiftness
  2616 | D:4      | Noticed Pikel
  2616 | D:4      | Noticed a lemure
  2669 | D:4      | Noticed a lemure
  2669 | D:4      | Noticed a lemure
  2669 | D:4      | Noticed a lemure
  2724 | D:3      | Slain by a lemure

Illustrated notes

Levels and vault maps discovered:
D:1:      tarquinn_simple_flora_water_f, layout_loops_corners
D:2:      layout_basic, basic_altar, uniq_robin
D:3:      layout_rooms
D:4:      layout_loops_cross, minmay_temple_entry_tees, serial_shops,
          kennysheep_mini, uniq_blork_the_orc, uniq_pikel

Skill      XL: |  1  2 |
---------------+-------+-----
Spellcasting   | 3 |  3.8
Fighting       | 1 |  1.9
Dodging        | 2 |  2.3
Stealth        | |  1.5
Necromancy     | |  4.5
Air Magic      | |  0.4

Action                   |  1- 3 |  4- 6 || total
-------------------------+-------+-------++-------
Melee: Club              |    21 |     5 ||    26
 Cast: Necrotise         |    50 |    40 ||    90
  Use: Scroll            |       |     1 ||     1
 Stab: Sleeping          |     1 |       ||     1
Armor: Robe              |     9 |     5 ||    14
Dodge: Dodged            |    26 |    10 ||    36

Table legend: (Time is in decaauts)
 A = Elapsed time spent in this place.
 B = Non-inter-level travel time spent in this place.
 C = Inter-level travel time spent in this place.
 D = Time resting spent in this place.
 E = Time spent auto-exploring this place.
 F = Levels seen in this place.
 G = Mean time per level.
                   A        B        C        D        E       F      G
               +--------+--------+--------+--------+--------+-----+--------+
         Total |   2732 |   2656 |     76 |    206 |   1765 |   4 |  683.0 |
       Dungeon |   2732 |   2656 |     76 |    206 |   1765 |   4 |  683.0 |
               +--------+--------+--------+--------+--------+-----+--------+

Top non-repeatable levels by time:
     D:1: 1204 daAuts
     D:2: 1022 daAuts
     D:3: 413 daAuts
     D:4: 91 daAuts
